 Dungeon Crawl Stone Soup version 0.31-a0-1589-g8f5e8aebd6 (webtiles) character file.

Game seed: 8844577943394424227

84 Flugslaktarn the Apothecary (level 4, -3/27 HPs)
             Began as an Octopode Alchemist on Jan 6, 2024.
             Slain by Grinder (10 damage)
             ... on level 3 of the Dungeon.
             The game lasted 00:01:26 (827 turns).

Flugslaktarn the Apothecary (Octopode Alchemist)     Turns: 827, Time: 00:01:26

Health: -3/27      AC:  1    Str:  4 (7)  XL:     4   Next: 45%
Magic:  6/8        EV: 13    Int: 17 (19) God:
Gold:   131        SH:  0    Dex:  9 (12) Spells: 7/8 levels left

rFire   . . .        j - +1 spear (venom)
rCold   . . .        (no shield)
rNeg    . . .        (helmet restricted)
rPois   .            (no amulet)
rElec   .            (no ring)
rCorr   .            (no ring)
SInv    .            (no ring)
Will    .....        (no ring)
Stlth   +++          (no ring)
HPRegen 0.24/turn    (no ring)
MPRegen 0.11/turn    (no ring)
                     (no ring)

%: no passive effects
@: mighty
A: almost no armour, amphibious, 8 rings, camouflage 1, gelatinous body 1,
(nimble swimmer 1), tentacles
a: no special abilities


You were on level 3 of the Dungeon.
You visited 1 branch of the dungeon, and saw 3 of its levels.

You collected 131 gold pieces.

Inventory:

Hand Weapons
 j - a +1 spear of venom (weapon)
   (You found it on level 2 of the Dungeon)
Talismans
 c - a serpent talisman
   (You found it on level 1 of the Dungeon)
Scrolls
 e - a scroll of fog
 f - a scroll of poison
Potions
 a - a potion of magic
 d - a potion of degeneration


   Skills:
 - Level 2.0 Dodging
 - Level 2.6 Stealth
 + Level 2.9 Spellcasting
 - Level 1.0 Conjurations
 * Level 5.0 Alchemy


You had 7 spell levels left.
You knew the following spells:

 Your Spells              Type           Power      Damage    Failure   Level
a - Sting                 Conj/Alch      48%        1d6       5%          1

Your spell library contained the following spells:

 Spells                   Type           Power      Damage    Failure   Level
 Mercury Vapours          Alch/Air       20%        N/A       10%         2
 Olgreb's Toxic Radiance  Alch           19%        N/A       22%         4
 Mephitic Cloud           Conj/Alch/Air  9%         N/A       24%         3
 Sticky Flame             Fire/Alch      10%        2d5       54%         4


Dungeon Overview and Level Annotations

Branches:
Dungeon (3/15)

Altars:

Annotations:
D:3 Grinder


Innate Abilities, Weirdness & Mutations

You cannot wear most types of armour.
You are amphibious.
You can wear up to eight rings at the same time.
Your skin changes colour to match your surroundings (Stealth+).
Your rubbery body absorbs attacks. (AC +1, EV +1)
((You are camouflaged when in or above water. (Stealth+)))
You have tentacles for arms and can constrict up to eight enemies at once.


Message History

Your +1 spear of venom begins to drip with poison!
j - a +1 spear of venom (weapon)
A kobold comes into view. It is wielding a +0 short sword.
You drop a +0 spear.
As you read the scroll labelled PINUQO JOOSTA, it crumbles to dust.
It is a scroll of identify.
e - a scroll of fog;
r - a scroll of identify
As you read the scroll of identify, it crumbles to dust.
f - a scroll of poison Unknown command.
Casting: Sting (safe; 4% risk of failure)
Confirm with . or Enter, or press ? or * to list all spells.
Aiming: Sting (safe; 4% risk of failure)
Press: ? - help, Shift-Dir - straight line, f - kobold
Aim: a kobold, wielding a +0 short sword (asleep, 100% to hit)
The sting hits the kobold.
The kobold is poisoned.
The kobold is moderately wounded.
The kobold shouts!
Casting: Sting (safe; 4% risk of failure)
Confirm with . or Enter, or press ? or * to list all spells.
Aiming: Sting (safe; 4% risk of failure)
Press: ? - help, Shift-Dir - straight line, f/p - kobold
Aim: a kobold, wielding a +0 short sword (moderately wounded, poisoned, 64% to hit)
The sting misses the kobold.
The kobold hits you with a +0 short sword.
You hit the kobold but do no damage.
The kobold looks even sicker.
You grab the kobold.
The kobold is heavily wounded.
You constrict the kobold.
You kill the kobold!
You see here a +0 short sword.
You see here a +0 spear.
There is a stone staircase leading down here.
You climb downwards.
Found 11 gold pieces.
Found a stone staircase leading up.
There is a stone staircase leading up here.
Unknown command.
You now have 131 gold pieces (gained 11).
There is a stone staircase leading up here.
Terence the Incautious comes into view.
He is wielding a +0 short sword.
Terence is nearby!
Terence shouts!
Casting: Sting (safe; 4% risk of failure)
Confirm with . or Enter, or press ? or * to list all spells.
Aiming: Sting (safe; 4% risk of failure)
Press: ? - help, Shift-Dir - straight line, f - Terence
Aim: Terence, wielding a +0 short sword and wearing a +0 scale mail (75% to hit)
The sting hits Terence.
Terence is poisoned.
Terence is lightly wounded.
Casting: Sting (safe; 4% risk of failure)
Confirm with . or Enter, or press ? or * to list all spells.
Aiming: Sting (safe; 4% risk of failure)
Press: ? - help, Shift-Dir - straight line, f/p - Terence
Aim: Terence, wielding a +0 short sword and wearing a +0 scale mail (lightly wounded, poisoned, 75% to hit)
The sting hits Terence.
Terence looks even sicker.
Terence is lightly wounded.
Casting: Sting (safe; 4% risk of failure)
Confirm with . or Enter, or press ? or * to list all spells.
Aiming: Sting (safe; 4% risk of failure)
Press: ? - help, Shift-Dir - straight line, f/p - Terence
Aim: Terence, wielding a +0 short sword and wearing a +0 scale mail (moderately wounded, very poisoned, 75% to hit)
The sting misses Terence.
Terence hits you with a +0 short sword.
You hit Terence but do no damage.
Terence looks as sick as possible!
You grab Terence.
Terence is moderately wounded.
You constrict Terence, but do no damage.
Grinder comes into view.
Terence barely misses you.
You hit Terence.
Terence looks as sick as possible!
Terence is almost dead.
You constrict Terence.
You kill Terence!
Your Alchemy skill increases to level 5!
An adder comes into view.
Grinder closely misses you.
Things that are here:
a +0 short sword; a +0 scale mail You barely miss Grinder.
Your grab misses Grinder. Grinder hits you!
You writhe in agony.
It was a potion of degeneration.
There was something very wrong with that liquid.
You feel weakened.
You feel dopey.
You feel clumsy.
Grinder blinks!
Unknown command.
As you read the scroll labelled UNKOWU XEMISO, it crumbles to dust.
You feel aware of your surroundings.
You sensed 2 altars.
It was a scroll of revelation.
A gnoll comes into view. It is wielding a +0 whip.
Found 8 large rocks.
Unknown command.
Unknown command.
It was a potion of might.
You feel very mighty all of a sudden. The adder barely misses you.
Grinder hits you.
You writhe in agony.
* * * LOW HITPOINT WARNING * * *
You puncture Grinder! Your grab misses Grinder.
Grinder is moderately wounded.
The adder barely misses you. Grinder hits you!
You die...
Grinder says, "Hey, I wasn't done torturing you yet!"

,,,,,,,#......# *,*
,,,,,,,#...<..##########****+**
,,,,,,*#......##########*,,,,,*
,,,,,,*##......#########*,,,,,*
,,,,,,* #........######.,,,,,,*
,,***** #........#ggg#..****,**
,,* #........#Ogg+.#* *,* ***
###<.....#ggg### *,*
#.....5@####### *,*
#.......S######****,*
#...##..........,,,,*
#.#######.######*****
#.#.......##### #.#.....#.#####
#.#.......##### #.#..g..#######
##*,,,,,*


You could see Grinder and an adder.

Vanquished Creatures
  Terence (D:3)
  A gnoll (D:1)
  An adder (D:2)
  3 dart slugs
  2 ribbon worms (D:2)
  2 endoplasms (D:1)
  2 goblins (D:1)
  2 hobgoblins
  2 quokkas
  3 ball pythons (D:1)
  3 bats
  2 frilled lizards
  4 kobolds
  4 rats (D:1)
32 creatures vanquished.

Notes
Turn   | Place    | Note
-------+----------+-------------------------------------------
     0 | D:1      | Flugslaktarn the Octopode Alchemist began the quest for the
                  | Orb.
     0 | D:1      | Reached XP level 1. HP: 11/11 MP: 3/3
    98 | D:1      | Reached XP level 2. HP: 8/17 MP: 0/5
   147 | D:1      | Reached skill level 4 in Alchemy
   239 | D:1      | Reached XP level 3. HP: 11/21 MP: 0/6
   689 | D:2      | Reached XP level 4. HP: 22/27 MP: 3/8
   812 | D:3      | Noticed Terence
   819 | D:3      | Noticed Grinder
   820 | D:3      | Killed Terence
   821 | D:3      | Reached skill level 5 in Alchemy
   825 | D:3      | Noticed an ogre
   827 | D:3      | Slain by Grinder

Illustrated notes

Levels and vault maps discovered:
D:1:      minmay_arrival_up_and_down, layout_basic
D:2:      layout_loops_corners, serial_co_window_serial,
          co_window_of_opportunity_a, co_window_corner_a, co_window_paths_b,
          co_window_paths_a, co_window_of_opportunity_a, co_window_paths_a,
          co_window_paths_a, co_window_paths_b, co_window_corner_a,
          co_window_unsneaky_path_d, co_window_of_opportunity_c,
          co_window_corner_b, co_window_broadway_a, co_window_paths_c,
          co_window_corner_b, co_window_of_opportunity_b, glass_columns_c
D:3:      layout_basic, nemelex_diamond_rough_becter,
          mainiacjoe_overflow_boulevard, minmay_crystal_room, hex_medium,
          minmay_ogre_servants, uniq_grinder, uniq_terence

Skill      XL: |  1  2  3  4 |
---------------+-------------+-----
Alchemy        | 4 5 |  5.0
Dodging        | |  2.0
Stealth        | |  2.6
Spellcasting   | |  2.9
Conjurations   | |  1.0

Action                     |  1- 3 |  4- 6 || total
---------------------------+-------+-------++-------
  Melee: Unarmed           |    40 |       ||    40
         Constrict         |    12 |     2 ||    14
         Tentacles         |    12 |       ||    12
         Punch             |     1 |       ||     1
         Spear             |     5 |     5 ||    10
   Cast: Sting             |    35 |     5 ||    40
    Use: Scroll            |       |     3 ||     3
         Potion            |       |     2 ||     2
 Armour: Skin              |    33 |     5 ||    38
  Dodge: Dodged            |    40 |     4 ||    44

Table legend: (Time is in decaauts)
 A = Elapsed time spent in this place.
 B = Non-inter-level travel time spent in this place.
 C = Inter-level travel time spent in this place.
 D = Time resting spent in this place.
 E = Time spent auto-exploring this place.
 F = Levels seen in this place.
 G = Mean time per level.
                   A        B        C        D        E       F      G
               +--------+--------+--------+--------+--------+-----+--------+
         Total |    826 |    790 |     36 |      0 |    472 |   3 |  275.3 |
       Dungeon |    826 |    790 |     36 |      0 |    472 |   3 |  275.3 |
               +--------+--------+--------+--------+--------+-----+--------+

Top non-repeatable levels by time:
     D:2: 414 daAuts
     D:1: 386 daAuts
     D:3: 26 daAuts
